[Event "Team 45 45 League T38"]
[Site "Internet Chess Club"]
[Date "2008.08.04"]
[Round "2"]
[White "jefferyx"]
[Black "chessateer"]
[Result "0-1"]
[WhiteElo "1798"]
[BlackElo "1856"]
[Opening "Scotch game"]
[ECO "C45"]
[Time "09:04:18"]
[TimeControl "2700+45"]

1. e4 e5 2. Nf3 Nc6 3. d4 exd4 4. Nxd4 Bc5 5. Nxc6 Qf6 6. Qf3 bxc6 7. Qxf6 Nxf6
8. f3 O-O 9. Nd2 d5 10. e5 Re8 11. f4 Ng4 12. Nb3 Bb6 13. Be2 Ne3 14. Bxe3 Bxe3
15. g3 Bh3 16. Bf3 g5 17. Na5 g4 18. Ke2 Bb6 19. Nxc6 gxf3+ 20. Kxf3 Bf5 21.
Rhc1 a5 22. c3 Be4+ 23. Ke2 Re6 24. Nd4 Rh6 25. h4 Rg6 26. Rg1 h5 27. Raf1 Rb8
28. b3 c5 29. f5 Rh6 30. Nf3 Bxf5 31. Ng5 Be6 32. Rf4 Bc7 33. Nf3 Bg4 34. Kd3
Bxf3 35. Rxf3 Bxe5 36. Rf5 f6 37. g4 hxg4 38. Rxg4+ Kf7 39. Ra4 Ke6 40. Rf3 Bc7
41. c4 d4 42. Rh3 Rbh8 43. a3 Rxh4 44. Rxh4 Rxh4 45. b4 Rh3+ 46. Kd2 cxb4 47.
axb4 axb4 48. Ra6+ Kf5 49. c5 Rc3 50. c6 b3 51. Ra1 Bf4+ 52. Kd1 b2 53. Ra5+ Ke4
54. Rb5 Rc1+ 55. Ke2 b1=Q 56. Rxb1 Rxb1 57. Kf2 Rc1 58. Kg2 Ke3 59. Kh3 Rg1 60.
Kh4 Rg5 61. Kh3 Kf3 62. Kh4 Bc7 63. Kh3 Rh5# {White checkmated} 0-1

[Event "Team 45 45 League T38"]
[Site "Internet Chess Club"]
[Date "2008.08.03"]
[Round "2"]
[White "Solfege"]
[Black "Fegary"]
[Result "1/2-1/2"]
[WhiteElo "1893"]
[BlackElo "2027"]
[Opening "King's Indian: fianchetto variation"]
[ECO "E62"]
[Time "10:00:26"]
[TimeControl "2700+45"]

1. d4 d6 2. c4 Nf6 3. Nf3 g6 4. g3 Bg7 5. Nc3 c6 6. Bg2 O-O 7. O-O Nbd7 8. Bg5
h6 9. Bf4 c5 10. d5 a6 11. e4 b5 12. Qd3 b4 13. Ne2 a5 14. a3 g5 15. Bd2 g4 16.
Nh4 Ne5 17. Qc2 Nxc4 18. Qxc4 Ba6 19. Qc1 Bxe2 20. Re1 Bf3 21. Bxf3 gxf3 22.
Bxh6 Ne8 23. axb4 cxb4 24. Nxf3 e5 25. Nh4 Rc8 26. Qg5 Qxg5 27. Bxg5 Bf6 28. Bh6
Ng7 29. Nf5 Rc2 30. Bxg7 Bxg7 31. Rxa5 Rxb2 32. Nxd6 Rb8 33. Rea1 b3 34. Ra8 Rf8
35. Nf5 Re2 36. Nxg7 b2 37. Rxf8+ Kxf8 38. Rb1 Kxg7 39. Kg2 Rc2 40. Kf3 Rc3+ 41.
Ke2 Rc2+ 42. Ke3 Kg6 43. h4 Kf6 44. g4 Kg6 45. f3 Kg7 46. d6 Kf8 47. h5 Ke8 48.
h6 Kd7 49. h7 Rh2 50. Rxb2 Rxh7 51. Rb6 Ke6 52. Kf2 Rh2+ 53. Ke3 Rh7 54. Rc6 Rh1
55. g5 Rg1 56. Rc7 Kxd6 57. Rxf7 Rxg5 58. Kf2 Rg8 59. Rf6+ Ke7 60. Rb6 Rc8 61.
Rb7+ Kd6 62. Ke2 Rc3 63. Rb6+ Ke7 64. Rb5 Kd6 65. Rd5+ Ke6 66. Rb5 Kd6 67. Rb7
Ke6 68. Rg7 {Game drawn by mutual agreement} 1/2-1/2

[Event "Team 45 45 League T38"]
[Site "Internet Chess Club"]
[Date "2008.08.03"]
[Round "2"]
[White "upsan"]
[Black "Karpyan"]
[Result "1-0"]
[WhiteElo "1916"]
[BlackElo "1804"]
[Opening "French: Tarrasch, closed variation"]
[ECO "C05"]
[Time "10:58:58"]
[TimeControl "2700+45"]

1. e4 e6 2. d4 d5 3. Nd2 Nf6 4. e5 Nfd7 5. f4 c5 6. c3 Nc6 7. Ndf3 f6 8. Bd3
cxd4 9. Nxd4 Nxd4 10. cxd4 Qb6 11. Qh5+ Kd8 12. Ne2 Qb4+ 13. Kf2 f5 14. Rd1 Nb6
15. Bd2 Qe7 16. b3 Bd7 17. a3 g6 18. Qh3 Qe8 19. Ba5 Bb5 20. Nc3 Bxd3 21. Qxd3
Ke7 22. Nb5 Qd7 23. Nxa7 Rxa7 24. Bxb6 Ra6 25. Bc5+ Kf7 26. Bxf8 Rxf8 27. a4 Rc8
28. Rdc1 Rac6 29. Qd2 Qc7 30. Rxc6 Qxc6 31. Ra2 Ke8 32. a5 Qc3 33. Qxc3 Rxc3 34.
a6 bxa6 35. Rxa6 Kd7 36. Ra7+ Kc6 37. Rxh7 Rxb3 38. Rh6 Rb2+ 39. Kg3 Rd2 40.
Rxg6 Kd7 41. h4 Rd3+ 42. Kh2 Rxd4 43. g3 Ra4 44. h5 d4 45. h6 Ra2+ 46. Kh3 d3
47. Rg7+ Kc6 48. Re7 Ra1 49. Rxe6+ Kd5 50. Rd6+ Ke4 51. e6 Rh1+ 52. Kg2 Rxh6 53.
e7 Rxd6 54. e8=Q+ Kd5 55. Qb5+ Ke6 56. Qe5+ Kd7 57. Qxf5+ Kc6 58. Qe4+ Kc7 59.
Qe7+ Kc6 60. Qxd6+ Kxd6 61. Kf2 Kd5 62. Ke3 Kc4 63. Kd2 Kd4 64. f5 Ke5 65. g4
Kf6 66. Kxd3 Kg5 67. Ke4 Kf6 68. Kf4 {Black resigns} 1-0

[Event "Team 45 45 League T38"]
[Site "Internet Chess Club"]
[Date "2008.08.03"]
[Round "2"]
[White "Rainbird"]
[Black "qs16"]
[Result "0-1"]
[WhiteElo "1734"]
[BlackElo "1701"]
[Opening "King's Indian: Averbakh system"]
[ECO "E73"]
[Time "09:00:40"]
[TimeControl "2700+45"]

1. d4 Nf6 2. c4 g6 3. Nc3 Bg7 4. e4 d6 5. Be2 O-O 6. Bg5 Nbd7 7. Qd2 c5 8. d5
Nb6 9. h3 Re8 10. Nf3 a6 11. O-O Qc7 12. Rfe1 e5 13. Nh2 Bd7 14. b3 Rab8 15.
Rab1 Nc8 16. Ng4 Nxg4 17. Bxg4 Bxg4 18. hxg4 Ne7 19. Qc2 Qd7 20. Bxe7 Rxe7 21.
f3 Bh6 22. g3 Ree8 23. Kg2 b5 24. a3 Qc7 25. Qd3 Qa5 26. cxb5 axb5 27. a4 bxa4
28. bxa4 Kg7 29. Rb5 Rxb5 30. Qxb5 Qxc3 31. Rb1 Ra8 32. Rb3 Qd2+ 33. Kh3 Qd1 34.
Rb1 Qxf3 35. Rf1 Qxe4 36. Qb7 Rf8 37. a5 Qd3 38. Rb1 c4 39. a6 Bf4 40. Rg1 Qe3
41. Rg2 c3 42. a7 c2 43. Kh4 Bg5+ 44. Kh3 c1=Q 45. a8=Q Rxa8 46. Qxa8 Qh1+ 47.
Rh2 Qf1+ 48. Rg2 Qee2 {White resigns} 0-1

[Event "Team 45 45 League T38"]
[Site "Internet Chess Club"]
[Date "2008.08.02"]
[Round "2"]
[White "oldsj"]
[Black "RealChosenOne"]
[Result "0-1"]
[WhiteElo "1606"]
[BlackElo "1697"]
[Opening "Sicilian: Pelikan (Lasker/Sveshnikov) variation"]
[ECO "B33"]
[Time "09:02:01"]
[TimeControl "2700+45"]

1. e4 c5 2. Nf3 Nc6 3. d4 cxd4 4. Nxd4 Nf6 5. Nc3 e5 6. Nb3 Bb4 7. Bg5 h6 8.
Bxf6 Bxc3+ 9. bxc3 Qxf6 10. Bc4 Qg6 11. Qf3 O-O 12. O-O d6 13. h3 Kh8 14. Bd5
Bd7 15. Nd2 f5 16. exf5 Bxf5 17. Be4 Bxe4 18. Qxe4 Qf7 19. c4 Rac8 20. Qd5 Qg6
21. c3 b6 22. Ne4 Rfd8 23. Rad1 Ne7 24. Qd3 Rc6 25. Qe2 Qe6 26. Nd2 d5 27. cxd5
Nxd5 28. Ne4 Rdc8 29. Qb5 Nxc3 30. Nxc3 Rxc3 31. a4 R3c5 32. Qd7 Qxd7 33. Rxd7
R8c7 34. Rxc7 Rxc7 35. Re1 Rc4 36. Ra1 a5 37. Kf1 Kg8 38. Ke2 Kf7 39. Rb1 Rc6
40. Rb5 Ke6 41. Ke3 Rc3+ 42. Kd2 Rc6 43. Ke3 h5 44. f4 exf4+ 45. Kxf4 g6 46. h4
Rc4+ 47. Kg3 Rb4 48. Rg5 Kf6 49. Rd5 Ke6 50. Rg5 Rg4+ 51. Rxg4 hxg4 52. Kxg4 b5
53. axb5 a4 54. b6 Kd6 55. h5 gxh5+ 56. Kxh5 a3 57. b7 Kc7 58. g4 a2 59. g5 a1=Q
60. b8=Q+ Kxb8 61. g6 Qg7 {White resigns} 0-1

[Event "Team 45 45 League T38"]
[Site "Internet Chess Club"]
[Date "2008.08.05"]
[Round "2"]
[White "demo05"]
[Black "LuxAeterna"]
[Result "1-0"]
[WhiteElo "1941"]
[BlackElo "1838"]
[Opening "Caro-Kann: classical variation"]
[ECO "B18"]
[Time "18:00:23"]
[TimeControl "2700+45"]

1. e4 c6 2. d4 d5 3. Nc3 dxe4 4. Nxe4 Bf5 5. Ng3 Bg6 6. Nf3 Nd7 7. Bd3 Qc7 8. h4
e6 9. h5 Bxd3 10. Qxd3 h6 11. Bd2 Ngf6 12. O-O-O O-O-O 13. c4 c5 14. Bc3 Be7 15.
Kb1 Rhe8 16. Qc2 Bd6 17. Ne2 cxd4 18. Bxd4 Kb8 19. Nc3 Qxc4 20. Bxa7+ Kxa7 21.
Rxd6 Nd5 22. Rh4 Qf1+ 23. Nd1 N7b6 24. Rxd8 Rxd8 25. Rd4 Nb4 26. Qb3 Rxd4 27.
Nxd4 Nd3 28. Qa3+ Kb8 29. Qd6+ Ka7 30. Nb5+ Ka6 31. Nc3 Nxf2 32. Qa3+ Na4 33.
Qxa4+ Kb6 34. Qd4+ {Black resigns} 1-0

[Event "Team 45 45 League T38"]
[Site "Internet Chess Club"]
[Date "2008.08.01"]
[Round "2"]
[White "RandyPCC"]
[Black "Avedldesierto"]
[Result "0-1"]
[WhiteElo "1736"]
[BlackElo "1837"]
[Opening "King's Indian defense, 3.Nc3"]
[ECO "E61"]
[Time "19:14:23"]
[TimeControl "2700+45"]

1. d4 g6 2. c4 Nf6 3. Nc3 c5 4. e3 Bg7 5. Nf3 d6 6. Be2 O-O 7. O-O a6 8. b3 Nc6
9. Bb2 cxd4 10. exd4 d5 11. c5 Bg4 12. Re1 e6 13. h3 Bxf3 14. Bxf3 Nd7 15. Ne2
b6 16. cxb6 Qxb6 17. Qd2 a5 18. Rec1 a4 19. b4 Qxb4 20. Qxb4 Nxb4 21. Ba3 Rfb8
22. Rc7 Nf6 23. Bc1 Rc8 24. Rb7 Bf8 25. Bf4 Nd3 26. Bg5 Ne4 27. Bxe4 dxe4 28.
Bf6 Rc2 29. Kf1 Bg7 30. Bxg7 Kxg7 31. a3 Ra5 32. Ng3 Nxf2 33. Re1 Rg5 34. Re2
Rxe2 35. Nxe2 Nd3 36. Nc3 Rg3 37. Nxa4 Re3 38. Rb1 Nf4 39. Ra1 Rg3 40. Ra2 Rd3
41. Nc5 Rxd4 42. a4 Rc4 43. Nb3 e3 44. g3 Nxh3 45. a5 Rg4 46. Kg2 e2 47. Rxe2
Nf4+ 48. Kf3 Rxg3+ 49. Kxg3 Nxe2+ 50. Kf3 Nc3 51. a6 Nb5 52. Nc5 g5 53. Ne4 Kg6
54. Nd6 Na7 55. Ne4 f5 56. Nf2 e5 57. Kg3 h5 58. Nd3 e4 59. Ne5+ Kf6 60. Nd7+
Ke6 61. Nf8+ Kd5 62. Ng6 f4+ 63. Kf2 Kd4 64. Nf8 e3+ 65. Ke2 g4 66. Ne6+ Ke5 67.
Nc5 h4 68. Nd7+ Kf5 69. Nc5 h3 70. Kf1 g3 71. Nd3 f3 72. Nf2 g2+ 73. Kg1 exf2+
74. Kh2 g1=Q+ 75. Kxh3 Qg2+ {White resigns} 0-1

[Event "Team 45 45 League T38"]
[Site "Internet Chess Club"]
[Date "2008.08.04"]
[Round "2"]
[White "siddhu"]
[Black "Ziah"]
[Result "1-0"]
[WhiteElo "1860"]
[BlackElo "1714"]
[Opening "Sicilian: Alapin's variation (2.c3)"]
[ECO "B22"]
[Time "05:05:13"]
[TimeControl "2700+45"]

1. e4 c5 2. c3 Nc6 3. d4 cxd4 4. cxd4 e6 5. Nc3 d6 6. Nf3 Nf6 7. Bb5 a6 8. Ba4
b5 9. Bc2 Bb7 10. a3 Be7 11. Bf4 O-O 12. O-O Nh5 13. Be3 f5 14. d5 exd5 15. exf5
Nf6 16. Nxd5 Ne5 17. Bb3 Kh8 18. Nxe5 dxe5 19. Nxf6 gxf6 20. Qxd8 Rfxd8 21. Rfd1
Be4 22. Be6 Rxd1+ 23. Rxd1 Rd8 24. Rxd8+ Bxd8 25. Bh6 Bb6 26. Kf1 Bd4 27. b3 Bb2
28. a4 bxa4 29. bxa4 Bc2 30. Bc4 Bxa4 31. Bxa6 Bd7 32. g4 Kg8 33. Bc4+ Kh8 34.
h4 Bc3 35. Ke2 Bd4 36. f3 Bc5 37. Be6 Bb5+ 38. Ke1 Bc6 39. g5 Be7 40. Kf2 Be8
41. Ke3 Bc6 42. f4 exf4+ 43. Kxf4 Bd6+ 44. Kg4 Be5 45. g6 hxg6 46. fxg6 f5+ 47.
Kxf5 Bg7 48. Bxg7+ Kxg7 49. Kg5 Be8 50. h5 Kh8 51. Bf5 Kg8 52. Kf6 Bf7 53. gxf7+
Kf8 54. Kg6 Ke7 55. Kg7 {Black resigns} 1-0

[Event "Team 45 45 League T38"]
[Site "Internet Chess Club"]
[Date "2008.08.04"]
[Round "2"]
[White "catrasca"]
[Black "GolfSuper"]
[Result "1-0"]
[WhiteElo "1701"]
[BlackElo "1568"]
[Opening "Sicilian: Najdorf, Byrne (English) attack"]
[ECO "B90"]
[Time "16:01:34"]
[TimeControl "2700+45"]

1. e4 c5 2. Nf3 d6 3. d4 cxd4 4. Nxd4 Nf6 5. Nc3 a6 6. Be3 e5 7. Nb3 Be6 8. Be2
Be7 9. Qd2 O-O 10. O-O d5 11. exd5 Nxd5 12. Nxd5 Bxd5 13. Rad1 Be6 14. Qxd8 Rxd8
15. Rxd8+ Bxd8 16. Nc5 Nc6 17. Nxb7 Nd4 18. Bxd4 exd4 19. Nxd8 Rxd8 20. b3 a5
21. Rd1 Kf8 22. c3 Ke7 23. Rxd4 Rxd4 24. cxd4 Kd6 25. Bc4 h6 26. Kf1 f6 27. Bxe6
Kxe6 28. Ke2 Kd5 29. Kd3 f5 30. h4 g5 31. hxg5 hxg5 32. f3 g4 33. fxg4 fxg4 34.
g3 Kd6 35. Ke4 Ke6 36. d5+ Kd6 37. Kd4 {Black resigns} 1-0

[Event "Team 45 45 League T38"]
[Site "Internet Chess Club"]
[Date "2008.08.03"]
[Round "2"]
[White "werty"]
[Black "Berkshires"]
[Result "1-0"]
[WhiteElo "1520"]
[BlackElo "1446"]
[Opening "Queen's pawn game, Chigorin variation"]
[ECO "D02"]
[Time "14:00:21"]
[TimeControl "2700+45"]

1. d4 d5 2. Nf3 Nc6 3. e3 Bg4 4. Be2 Nf6 5. c3 e6 6. Nbd2 Be7 7. O-O O-O 8. Re1
Re8 9. Qc2 Bf5 10. Bd3 Bxd3 11. Qxd3 Bd6 12. e4 dxe4 13. Nxe4 Nxe4 14. Rxe4 Qd7
15. Bg5 f6 16. Bh4 g5 17. Bxg5 fxg5 18. Nxg5 e5 19. d5 Nd8 20. Qg3 Re7 21. Nxh7+
Kh8 22. Nf6 Nc6 23. Nxd7 Rxd7 24. Rh4+ Rh7 25. Rxh7+ Kxh7 26. dxc6 b6 27. Qh4+
Kg6 28. Qg4+ Kf7 29. g3 Rf8 30. Rf1 Rg8 31. Qf5+ Ke7 32. h4 Rf8 33. Qg5+ Ke6 34.
Kg2 Be7 35. Qe3 Rg8 36. Kh3 Rf8 37. Re1 Bf6 38. f4 Kf7 39. fxe5 Be7 40. Rf1+ Ke8
41. Rxf8+ Bxf8 42. Kg4 a5 43. Kf5 Bc5 44. Qe4 Ke7 45. Kg6 Bf2 46. h5 Bxg3 47. h6
Ke6 48. h7 Bxe5 49. Qxe5+ Kxe5 50. h8=Q+ Kd6 51. Qf6+ Kc5 52. Kf7 b5 53. Ke7 Kb6
54. Kd7 a4 55. Qd4+ Ka6 56. Kxc7 a3 57. Qb6# {Black checkmated} 1-0

[Event "Team 45 45 League T38"]
[Site "Internet Chess Club"]
[Date "2008.08.05"]
[Round "2"]
[White "Enric666"]
[Black "bjc"]
[Result "0-1"]
[WhiteElo "1252"]
[BlackElo "1333"]
[Opening "Sicilian defense"]
[ECO "B34"]
[Time "10:02:33"]
[TimeControl "2700+45"]

1. e4 c5 2. Nf3 Nc6 3. d4 cxd4 4. Nxd4 g6 5. Be3 Bg7 6. Nc3 Nf6 7. Qd2 O-O 8.
O-O-O a6 9. Be2 b5 10. Bh6 Nxd4 11. Bxg7 Nxe2+ 12. Qxe2 Kxg7 13. h4 d6 14. g4
Bxg4 15. Qe3 {White resigns} 0-1

[Event "Team 45 45 League T38"]
[Site "Internet Chess Club"]
[Date "2008.08.02"]
[Round "2"]
[White "pmatlock"]
[Black "DaMelch"]
[Result "1-0"]
[WhiteElo "1318"]
[BlackElo "1292"]
[Opening "French defense, Steiner variation"]
[ECO "C00"]
[Time "12:02:52"]
[TimeControl "2700+45"]

1. e4 e6 2. c4 d5 3. Nc3 Nf6 4. d3 d4 5. Nce2 e5 6. Bg5 c5 7. Nf3 Nc6 8. Ng3 Bg4
9. Be2 Be7 10. O-O O-O 11. Nh4 Bxe2 12. Qxe2 h6 13. Bxf6 Bxf6 14. Nhf5 Ne7 15.
Nxe7+ Bxe7 16. Nf5 g6 17. Nxh6+ Kg7 18. Ng4 Rh8 19. Nxe5 f6 20. Ng4 b6 21. f4
{Black resigns} 1-0

[Event "Team 45 45 League T38"]
[Site "Internet Chess Club"]
[Date "2008.08.02"]
[Round "2"]
[White "CoasterBrake"]
[Black "b2solo"]
[Result "1-0"]
[WhiteElo "1249"]
[BlackElo "1195"]
[Opening "King's Indian: 5.Nf3"]
[ECO "E90"]
[Time "19:09:11"]
[TimeControl "2700+45"]

1. c4 Nf6 2. Nc3 g6 3. d4 Bg7 4. Nf3 d6 5. e4 O-O 6. Bf4 c5 7. e5 dxe5 8. dxe5
Qxd1+ 9. Rxd1 Nfd7 10. Nd5 e6 11. Nc7 Nb6 12. Nxa8 Nxa8 13. Bd3 Nc6 14. a3 Nb6
15. O-O Nd7 16. Rfe1 h6 17. Be4 g5 18. Bxc6 bxc6 19. Be3 Nxe5 20. Nxe5 Bxe5 21.
Bxc5 Re8 22. Rxe5 {Black resigns} 1-0

[Event "Team 45 45 League T38"]
[Site "Internet Chess Club"]
[Date "2008.08.03"]
[Round "2"]
[White "peterdiplaros"]
[Black "alaskauk"]
[Result "0-1"]
[WhiteElo "1400"]
[BlackElo "1482"]
[Opening "Queen's pawn: stonewall attack"]
[ECO "D00"]
[Time "14:35:29"]
[TimeControl "2700+45"]

1. d4 d5 2. e3 Nf6 3. Bd3 Bg4 4. f3 Bd7 5. f4 Nc6 6. c3 e6 7. Nf3 Bd6 8. O-O h6
9. Nbd2 Ne7 10. Ne5 Bxe5 11. fxe5 Nfg8 12. Qf3 f5 13. exf6 Nxf6 14. e4 O-O 15.
e5 Nh7 16. Qg4 Rxf1+ 17. Nxf1 Kh8 18. Be3 Nf5 19. Bf2 Qg5 20. Qh3 Rf8 21. g4 h5
22. Qxh5 Qxh5 23. gxh5 Ne7 24. Ng3 a6 25. c4 c6 26. cxd5 Nxd5 27. Ne4 Nf4 28.
Bc4 Nh3+ 29. Kg2 Nxf2 30. Nxf2 Rf5 31. Ne4 Rf4 32. Nc5 Rxd4 33. Bxe6 Bxe6 34.
Nxe6 Rd2+ 35. Kg3 Rxb2 36. Rd1 Kg8 37. Rd7 Re2 38. Kf4 Rf2+ 39. Ke3 Rf7 40. Rd8+
Nf8 41. Nxf8 Rxf8 42. Rd7 Rf5 43. e6 Re5+ 44. Kf4 Rxe6 45. Rxb7 Re2 46. Kg5 Rg2+
47. Kf5 Rxh2 48. Rc7 Rxh5+ 49. Kg6 Rh6+ 50. Kg5 Kh7 51. a4 Rd6 52. Kf5 Rd4 53.
Rxc6 Rxa4 54. Rc3 a5 55. Rh3+ Kg8 56. Kg6 Ra1 57. Rd3 Rg1+ 58. Kf5 Rh1 59. Kg6
Rg1+ 60. Kf5 Kf7 61. Rd7+ Kg8 {White resigns} 0-1

[Event "Team 45 45 League T38"]
[Site "Internet Chess Club"]
[Date "2008.08.04"]
[Round "2"]
[White "kingphisch"]
[Black "Heraclitus"]
[Result "1-0"]
[WhiteElo "1485"]
[BlackElo "1532"]
[Opening "Sicilian: Grand Prix attack"]
[ECO "B23"]
[Time "13:00:28"]
[TimeControl "2700+45"]

1. e4 c5 2. Nc3 Nc6 3. f4 e6 4. Nf3 d5 5. Bb5 Nf6 6. Bxc6+ bxc6 7. e5 Nd7 8. d3
Ba6 9. O-O c4 10. d4 Rb8 11. Rb1 g6 12. Qe1 c5 13. Be3 cxd4 14. Nxd4 Qc7 15. Qf2
Bc5 16. Rfd1 Ke7 17. Na4 Bxd4 18. Bxd4 Bb5 19. Nc5 a6 20. a4 h5 21. axb5 Nxc5
22. Bxc5+ Kd7 23. b6 Qd8 24. b4 Rb7 25. Ra1 Qa8 26. Qh4 Kc6 27. Ra5 Rd8 28. Rxa6
Qb8 29. Ra7 Rdd7 30. Rxb7 Qxb7 31. Ra1 Qc8 32. Ra7 Rb7 33. Rxb7 Qxb7 34. Qd8 Qd7
35. b5+ Kxc5 36. Qxd7 Kxb6 37. Qc6+ Ka5 38. b6 d4 39. b7 d3 40. b8=Q d2 41.
Qca8# {Black checkmated} 1-0

[Event "Team 45 45 League T38"]
[Site "Internet Chess Club"]
[Date "2008.08.02"]
[Round "2"]
[White "medsurg"]
[Black "bajerk"]
[Result "1-0"]
[WhiteElo "1374"]
[BlackElo "1336"]
[Opening "Philidor's defense"]
[ECO "C41"]
[Time "04:00:19"]
[TimeControl "2700+45"]

1. e4 e5 2. Nf3 d6 3. Bc4 h6 4. h3 Nf6 5. d3 Nc6 6. Bd2 a6 7. a3 b5 8. Ba2 Be7
9. c3 Bb7 10. Be3 O-O 11. Nbd2 Na7 12. b4 Nd7 13. O-O Kh8 14. d4 Nc6 15. Rc1 a5
16. d5 Ncb8 17. Bb3 c6 18. c4 a4 19. Ba2 Bf6 20. Nh2 Nb6 21. c5 dxc5 22. Bxc5
Be7 23. Ng4 Bxc5 24. Rxc5 N6d7 25. Rc1 cxd5 26. exd5 f6 27. Nf3 Nb6 28. Nh4 Qe8
29. Rc7 Bc8 30. Bb1 Qh5 31. Ng6+ Kg8 32. Nxf6+ Rxf6 33. Qxh5 N8d7 34. Ne7+ Kf8
35. Nxc8 Nxc8 36. Rxd7 Nd6 37. Rxd6 {Black resigns} 1-0

[Event "Team 45 45 League T38"]
[Site "Internet Chess Club"]
[Date "2008.08.04"]
[Round "2"]
[White "GolfSuper"]
[Black "Tomate"]
[Result "1-0"]
[WhiteElo "1579"]
[BlackElo "1451"]
[Opening "Sicilian: dragon, Yugoslav attack, 10.O-O-O"]
[ECO "B78"]
[Time "19:25:10"]
[TimeControl "2700+45"]

1. e4 c5 2. Nf3 d6 3. d4 cxd4 4. Nxd4 Nf6 5. Nc3 g6 6. Be3 Bg7 7. f3 Nc6 8. Bc4
O-O 9. Qd2 Bd7 10. O-O-O a6 11. h4 b5 12. Bb3 Na5 13. g4 Nxb3+ 14. Nxb3 b4 15.
Nd5 Nxd5 16. exd5 a5 17. h5 a4 18. Nd4 b3 19. a3 bxc2 20. Rdg1 Rc8 21. hxg6 fxg6
22. Bh6 Rf7 23. Bxg7 Rxg7 24. Ne6 Bxe6 25. dxe6 Qf8 26. f4 Qf6 27. f5 gxf5 28.
gxf5 Qxf5 29. Rxg7+ Kxg7 30. Qh6+ Kh8 31. Rg1 Rg8 32. Re1 Rg6 33. Qe3 Rg4 34.
Qe2 h5 35. Rf1 Qg5+ 36. Qd2 Qxd2+ 37. Kxd2 Rc4 38. Kc1 Kg7 39. Rf7+ Kg6 40. Rxe7
Kf6 41. Rh7 h4 42. e7 Re4 43. Rxh4 Rxe7 44. Rxa4 Rc7 45. Rd4 Ke5 46. Rd2 d5 47.
Rxc2 Rxc2+ 48. Kxc2 Kd6 49. b4 Kc6 50. a4 Kb6 51. Kd3 Kc6 52. Kd4 {Black
resigns} 1-0

[Event "Team 45 45 League T38"]
[Site "Internet Chess Club"]
[Date "2008.08.02"]
[Round "2"]
[White "katabatico"]
[Black "curtintime"]
[Result "1-0"]
[WhiteElo "1396"]
[BlackElo "1330"]
[Opening "Ruy Lopez: Steinitz defense deferred (Russian defense)"]
[ECO "C79"]
[Time "16:00:17"]
[TimeControl "2700+45"]

1. e4 e5 2. Nf3 Nc6 3. Bb5 a6 4. Ba4 Nf6 5. O-O d6 6. d4 b5 7. Bb3 exd4 8. Nxd4
Na5 9. Bd5 Nxd5 10. exd5 Be7 11. Re1 O-O 12. Bd2 Nc4 13. Nc6 Qd7 14. Nxe7+ Kh8
15. Bc3 Bb7 16. Qf3 Rae8 17. Qg3 f6 18. Nc6 Rxe1+ 19. Bxe1 Nxb2 20. Bc3 Nc4 21.
Nd2 Nb6 22. Nb4 a5 23. Nc6 Bxc6 24. dxc6 Qxc6 25. Nb3 Qxc3 26. Qxc3 {Black
resigns} 1-0

[Event "Team 45 45 League T38"]
[Site "Internet Chess Club"]
[Date "2008.08.04"]
[Round "2"]
[White "mrmarck"]
[Black "Visin"]
[Result "1-0"]
[WhiteElo "1369"]
[BlackElo "1197"]
[Opening "QGD Slav: 3.Nf3"]
[ECO "D11"]
[Time "16:00:07"]
[TimeControl "2700+45"]

1. d4 d5 2. c4 c6 3. Nf3 Bg4 4. e3 Nd7 5. Be2 Ngf6 6. O-O Bxf3 7. Bxf3 e5 8.
cxd5 e4 9. dxc6 bxc6 10. Be2 Qc7 11. b3 Nb6 12. Bb2 Bd6 13. g3 O-O 14. Nc3 Nbd5
15. Rc1 Qd7 16. Kg2 a5 17. Ba1 Rfb8 18. Bb2 Nxc3 19. Bxc3 Nd5 20. Bc4 Nb4 21.
Ra1 Nd5 22. Bb2 a4 23. Rb1 a3 24. Ba1 Nb4 25. Qe2 c5 26. Rfd1 Qf5 27. dxc5 Bxc5
28. Rd2 Nc6 29. Rd5 Qf3+ 30. Qxf3 exf3+ 31. Kxf3 Bb4 32. Rd7 Rf8 33. Rbd1 Na5
34. Bd5 Rac8 35. Be4 h6 36. g4 g6 37. Kg3 Rfe8 38. Kf3 Bc3 39. Bxc3 Rxc3 40. Ra7
Nxb3 41. axb3 a2 42. Rxa2 Rxb3 43. Ra7 f6 44. Bd5+ Kf8 45. Bxb3 Rxe3+ {Black
resigns} 1-0

[Event "Team 45 45 League T38"]
[Site "Internet Chess Club"]
[Date "2008.08.01"]
[Round "2"]
[White "NFork"]
[Black "akdog3"]
[Result "0-1"]
[WhiteElo "2124"]
[BlackElo "2263"]
[Opening "Dunst (Sleipner, Heinrichsen) opening"]
[ECO "A00"]
[Time "01:00:29"]
[TimeControl "2700+45"]

1. Nc3 d5 2. e4 e6 3. g3 dxe4 4. Nxe4 Nf6 5. Bg2 Nxe4 6. Bxe4 Bc5 7. c3 e5 8.
Qf3 O-O 9. Bxb7 Bxb7 10. Qxb7 Nd7 11. Ne2 Nf6 12. b4 Bb6 13. c4 Bd4 14. Rb1 Re8
15. O-O Rb8 16. Qa6 Qd7 17. Nxd4 exd4 18. Qa3 Qf5 19. Bb2 Rbd8 20. Qxa7 Qh3 21.
Qb7 Re4 22. f3 Re2 23. Rf2 Rxf2 24. Kxf2 Qxh2+ 25. Kf1 Qh1+ 26. Kf2 Qxb1 27.
Bxd4 Qd3 28. Bc3 Re8 29. g4 Nxg4+ 30. Kg3 Nf6 31. Bxf6 gxf6 32. Qxc7 Qxd2 33. b5
Re5 34. Qd8+ Qxd8 {White resigns} 0-1

[Event "Team 45 45 League T38"]
[Site "Internet Chess Club"]
[Date "2008.08.01"]
[Round "2"]
[White "bbentrup"]
[Black "eurander"]
[Result "1/2-1/2"]
[WhiteElo "2225"]
[BlackElo "2116"]
[Opening "Caro-Kann: advance variation"]
[ECO "B12"]
[Time "18:01:09"]
[TimeControl "2700+45"]

1. e4 c6 2. d4 d5 3. e5 c5 4. Nf3 Nc6 5. c4 cxd4 6. Nxd4 e6 7. Nc3 Bb4 8. Nxc6
bxc6 9. Qg4 d4 10. a3 Bf8 11. Ne2 {Game drawn by mutual agreement} 1/2-1/2

[Event "Team 45 45 League T38"]
[Site "Internet Chess Club"]
[Date "2008.08.05"]
[Round "2"]
[White "nardz"]
[Black "Ser-Enigma"]
[Result "0-1"]
[WhiteElo "2045"]
[BlackElo "2108"]
[Opening "Queen's gambit accepted"]
[ECO "D20"]
[Time "09:58:51"]
[TimeControl "2700+45"]

1. d4 d5 2. c4 dxc4 3. e3 e5 4. Bxc4 Nc6 5. d5 Nce7 6. Nc3 Nf6 7. e4 Ng6 8. Nf3
Bd6 9. O-O a6 10. a4 O-O 11. Re1 Bg4 12. h3 Bxf3 13. Qxf3 Nd7 14. Be3 f5 15.
exf5 Nh4 16. Qg4 Nxf5 17. Bg5 Qe8 18. Ne4 h5 19. Qd1 Qg6 20. h4 Nd4 21. Rc1 Bb4
22. Bd3 Qf7 23. Rf1 Rac8 24. Be3 Be7 25. Ng5 Bxg5 26. Bxg5 g6 27. Qd2 Kh7 28.
Qa5 Nb3 29. Qb4 Nxc1 30. Rxc1 Nb6 31. Qd2 Nxd5 32. Be4 c6 33. b4 Qe6 34. b5 axb5
35. axb5 Nf6 36. Bd3 Rfd8 37. Qe2 e4 38. Bc4 Qf5 39. bxc6 Rxc6 40. Rb1 b6 41.
Rb5 Qg4 42. f3 Qd7 43. Bxf6 Rxf6 44. Rd5 Rd6 45. fxe4 Qe7 46. Qf2 Rxd5 47. Bxd5
Qc5 48. Qxc5 bxc5 49. Kf2 Kg7 50. Ke3 Kf6 51. Kf4 Re8 52. g4 hxg4 53. Kxg4 Rh8
54. Bc4 Rh5 55. Bb3 Re5 56. Kf4 g5+ 57. hxg5+ Rxg5 58. Bd5 Rh5 59. Ke3 Ke5 60.
Kd3 Rh1 61. Kc3 Rc1+ 62. Kd3 Kd6 63. Kd2 Ra1 64. Kc3 Ra4 65. Kb3 Rd4 66. Kc3 Ke5
67. Bc6 Kf4 68. Bd5 Ke3 69. Bc6 Rd1 70. Kc2 Rd3 71. Bb5 Ra3 72. e5 Kd4 73. e6
Re3 74. Bd7 c4 75. Bc8 Re2+ 76. Kd1 Kd3 77. Bd7 Rh2 78. Bc6 Rf2 79. Kc1 Rf1+ 80.
Kb2 c3+ 81. Kb3 Rb1+ 82. Ka4 c2 83. e7 Rb8 {White resigns} 0-1

[Event "Team 45 45 League T38"]
[Site "Internet Chess Club"]
[Date "2008.08.02"]
[Round "2"]
[White "jorobo"]
[Black "JustinSane"]
[Result "1-0"]
[WhiteElo "2101"]
[BlackElo "2051"]
[Opening "English opening"]
[ECO "A21"]
[Time "13:51:03"]
[TimeControl "2700+45"]

1. c4 e5 2. Nc3 c5 3. g3 Nc6 4. Bg2 Nge7 5. e3 g6 6. Nge2 Bg7 7. O-O O-O 8. d3
d6 9. Rb1 a6 10. a3 Rb8 11. b4 cxb4 12. axb4 b5 13. cxb5 axb5 14. Bd2 Be6 15. e4
d5 16. exd5 Nxd5 17. Ne4 Qe7 18. Nc5 Ndxb4 19. Nxe6 fxe6 20. Qb3 Nd5 21. Bxd5
exd5 22. Qxd5+ Qf7 23. Qxc6 e4 24. dxe4 Qf3 25. Nd4 Qd3 26. Be3 {Black resigns}
1-0